 Dungeon Crawl Stone Soup version 0.28-a0-1395-g4f6bc67 (webtiles) character file.

Game seed: 15037334886212288239

2482 Illumine the Grappler (level 9, -5/85 HPs)
             Began as a Troll Monk on Jan 4, 2022.
             Slain by a gnoll sergeant (10 damage)
             ... on level 7 of the Dungeon.
             The game lasted 00:08:11 (5872 turns).

Illumine the Grappler (Troll Monk)                  Turns: 5872, Time: 00:08:11

Health: -5/85      AC:  4    Str: 23    XL:     9   Next: 27%
Magic:  8/8        EV:  6    Int:  8    God:
Gold:   538        SH:  0    Dex: 12    Spells: 8/8 levels left

rFire   . . .      SeeInvis .     - Unarmed
rCold   . . .      Faith    .   (no shield)
rNeg    . . .      Spirit   .   H - +0 robe of Inquiry {rElec Slay+2}
rPois   .          Reflect  .   (helmet restricted)
rElec   +          Harm     .   (no cloak)
rCorr   .          Rampage  .   (gloves unavailable)
Will    .....                   (boots unavailable)
Stlth   ++........              (no amulet)
HPRegen 1.04/turn               (no ring)
MPRegen 0.11/turn               (no ring)

@: held
A: large, unfitting armour, claws 3, regeneration 1, shaggy fur 1, tough skin 1
a: no special abilities


You were on level 7 of the Dungeon.
You visited 1 branch of the dungeon, and saw 7 of its levels.
You also visited: Ossuary.

You collected 538 gold pieces.

Inventory:

Missiles
 a - 12 poisoned darts
 e - 5 large rocks (quivered)
 o - a throwing net
Armour
 A - a +0 kite shield
 H - the +0 robe of Inquiry (worn) {rElec Slay+2}
   (You took it off a gnoll on level 6 of the Dungeon)

   Slay:      It affects your accuracy & damage with ranged weapons and melee
   (+2).
   rElec:     It insulates you from electricity.
Jewellery
 g - a ring of protection from fire
 B - a +4 ring of evasion
Wands
 l - a wand of digging (7)
 C - a wand of iceblast (28)
 E - a wand of polymorph (11)
 G - a wand of acid (7)
 J - a wand of flame (13)
Scrolls
 c - 2 scrolls of fear
 d - 2 scrolls of amnesia {unknown}
 f - a scroll of brand weapon {unknown}
 h - a scroll of torment {unknown}
 j - 2 scrolls of silence
 m - 9 scrolls of teleportation
 y - a scroll of enchant weapon {unknown}
 F - a scroll of holy word {unknown}
 I - 2 scrolls of identify
Potions
 b - 3 potions of flight
 i - 3 potions of curing
 k - a potion of magic
 n - a potion of degeneration {unknown}
 p - 3 potions of lignification
 q - 2 potions of cancellation
 r - 2 potions of resistance
 s - a potion of ambrosia {unknown}
 t - a potion of mutation {unknown}
 u - a potion of might {unknown}
 v - 3 potions of brilliance
 w - 3 potions of heal wounds {unknown}
 x - a potion of attraction {unknown}
 z - 2 potions of haste {unknown}
 D - a potion of berserk rage {unknown}


   Skills:
 + Level 4.6 Fighting
 + Level 4.8 Throwing
 + Level 4.6 Dodging
 - Level 1.0 Stealth
 * Level 9.5 Unarmed Combat


You had 8 spell levels left.
You didn't know any spells.
Your spell library contained the following spells:

 Spells                   Type           Power      Damage    Failure   Level
 Stone Arrow              Conj/Erth      0%         3d7       78%         3
 Animate Armour           Summ/Erth      0%         N/A       99%         4
 Animate Dead             Necr           0%         N/A       99%         4
 Borgnjor's Vile Clutch   Necr/Erth      0%         N/A       100%        5
 Death Channel            Necr           0%         N/A       100%        6
 Lehudib's Crystal Spear  Conj/Erth      0%         10d2      100%        8


Dungeon Overview and Level Annotations

Branches:
Dungeon (7/15)            Ossuary (visited)
 Temple: D:4-7

Altars:
Hepliaklqana
Nemelex Xobeh
Trog
Yredelemnul
Beogh

Annotations:
D:6 3 runed translucent doors, Terra's ghost, novice OpAE


Innate Abilities, Weirdness & Mutations

You are too large for most types of armour.
You have claws for hands.
Your natural rate of healing is unusually fast.
You are covered in fur. (AC +1)
You have tough skin. (AC +1)


Message History

The gnoll shouts!
You scratch the orc.
The orc is heavily wounded.
The orc hits you but does no damage.
You claw the orc!
You kill the orc!
The gnoll sergeant hits you from afar with a +3 vorpal spear!
You see here a +0 short sword.
The gnoll shouts!
The gnoll hits you from afar with a +0 spear.
The gnoll closely misses you.
The gnoll throws a throwing net.
The throwing net hits you.
You become entangled in the net!
The gnoll sergeant hits you with a +3 vorpal spear.
You see here a throwing net.
You struggle against the net.
The gnoll barely misses you. The gnoll hits you with a +0 spear!
The gnoll sergeant hits you with a +3 vorpal spear!
You struggle against the net.
The gnoll hits you from afar with a +0 halberd!
The gnoll hits you with a +0 spear!
The gnoll sergeant hits you with a +3 vorpal spear.
You struggle against the net.
The gnoll hits you from afar with a +0 halberd.
The gnoll hits you with a +0 spear.
* * * LOW HITPOINT WARNING * * *
The gnoll hits you but does no damage.
The gnoll sergeant hits you but does no damage.
You shred the net and break free! The gnoll completely misses you.
The gnoll hits you but does no damage. The gnoll hits you with a +0 club.
* * * LOW HITPOINT WARNING * * *
The gnoll sergeant hits you with a +3 vorpal spear.
* * * LOW HITPOINT WARNING * * *
x2 The gnoll hits you from afar with a +0 spear.
* * * LOW HITPOINT WARNING * * *
The gnoll sergeant hits you with a +3 vorpal spear.
* * * LOW HITPOINT WARNING * * *
x2 The gnoll throws a throwing net.
The throwing net hits you.
You become entangled in the net!
The gnoll sergeant hits you from afar with a +3 vorpal spear!
You die...

... .... .... ...
..... ..# .....# #
....# #.g## #gg##
# ##g.## ## ##.@##
###. ##..####
#####...
##....#####.......
##...##..........
##....#####.....
#..### ###.....
#.## ##....... #.#
#........ ..#
##........


You could see a gnoll sergeant and 3 gnolls.

Vanquished Creatures
  Sigmund (D:5)
  Menkaure (D:4)
  A water moccasin (D:7)
  A sky beast (D:7)
  3 orc warriors (D:6)
  3 necrophages
  2 centaurs (D:7)
  5 scorpions
  A wyvern skeleton (D:6)
  2 howler monkeys (D:7)
  2 centaur zombies
  A bullfrog zombie (D:5)
  2 jellies
  A bullfrog skeleton (D:6)
  3 hounds
  An orc priest (D:4)
  2 iguanas
  Ijyb (D:3)
  2 centaur skeletons (D:7)
  Jessica (D:3)
  A killer bee zombie (D:3)
  A hound skeleton (D:4)
  8 mummies (Ossuary)
  11 gnolls
  8 adders
  2 shadow imps
  An ufetubus (D:5)
  2 worms
  2 dart slugs
  8 orcs
  5 ball pythons
  4 endoplasms
  3 giant cockroaches
  11 goblins
  3 hobgoblins
  9 jackals
  2 quokkas
  11 bats
  2 frilled lizards
  4 hobgoblin zombies (Ossuary)
  4 kobolds
  4 orc zombies (Ossuary)
  22 rats
164 creatures vanquished.

Vanquished Creatures (others)
  8 fungi (D:4)
8 creatures vanquished.

Grand Total: 172 creatures vanquished

Notes
Turn   | Place    | Note
-------+----------+-------------------------------------------
     0 | D:1      | Illumine the Troll Monk began the quest for the Orb.
     0 | D:1      | Reached XP level 1. HP: 22/22 MP: 0/0
   126 | D:1      | Reached XP level 2. HP: 29/29 MP: 1/1
   341 | D:1      | Found a faded altar of an unknown god.
   373 | D:1      | Reached skill level 4 in Unarmed Combat
   681 | D:2      | Reached XP level 3. HP: 36/36 MP: 2/2
   830 | D:3      | Noticed Jessica
   833 | D:3      | Killed Jessica
   882 | D:3      | Reached XP level 4. HP: 44/44 MP: 3/3
   896 | D:3      | Noticed Ijyb
   907 | D:3      | Killed Ijyb
   908 | D:3      | Reached skill level 5 in Unarmed Combat
   938 | D:3      | Found a basalt altar of Yredelemnul.
   940 | D:3      | Found a sparkling altar of Nemelex Xobeh.
  1407 | D:3      | Reached XP level 5. HP: 14/50 MP: 4/4
  1465 | D:3      | Reached skill level 1 in Throwing
  1907 | D:4      | Identified the +7 hunting sling of Xom's Hope {flame,
                  | +Blink rC+ Int-3 Dex+5}
  1962 | D:4      | Reached skill level 6 in Unarmed Combat
  2171 | D:4      | Reached XP level 6. HP: 58/59 MP: 5/5
  2223 | D:4      | Noticed Menkaure
  2275 | D:4      | Killed Menkaure
  2276 | D:4      | Reached skill level 7 in Unarmed Combat
  2276 | D:4      | Reached XP level 7. HP: 37/66 MP: 6/6
  2324 | D:4      | Found a sand-covered staircase.
  2333 | Ossuary  | Entered an ossuary
  3307 | D:5      | Entered Level 5 of the Dungeon
  3321 | D:5      | Reached XP level 8. HP: 72/75 MP: 7/7
  3534 | D:5      | Reached skill level 8 in Unarmed Combat
  3939 | D:5      | Found a hazy altar of Hepliaklqana.
  3956 | D:5      | Noticed Sigmund
  3964 | D:5      | Killed Sigmund
  4568 | D:6      | Identified the +0 robe of Inquiry {rElec Slay+2}
  4824 | D:6      | Reached skill level 9 in Unarmed Combat
  4886 | D:6      | Found a bloodstained altar of Trog.
  5111 | D:6      | Found a runed translucent gate.
  5111 | D:6      | Noticed Terra's ghost (novice OpAE)
  5112 | D:6      | Found a runed translucent gate.
  5112 | D:6      | Identified the +1 chain mail of Amiklixt {rPois Str-3 Int+3
                  | Dex+4}
  5113 | D:6      | Found a runed translucent gate.
  5204 | D:7      | Reached XP level 9. HP: 71/85 MP: 8/8
  5871 | D:7      | HP: 4/85 [gnoll sergeant (1)]
  5872 | D:7      | Slain by a gnoll sergeant

Illustrated notes

Levels and vault maps discovered:
D:1:      minmay_arrival_hallway, layout_rooms, chequers_ecumenical_altar_grove
D:2:      layout_basic
D:3:      minmay_diamond_boxcup, layout_basic, nicolae_overflow_hidden_temple,
          minmay_rat_hole, uniq_ijyb, uniq_jessica
D:4:      old_forge, layout_basic, enter_ossuary_1, uniq_menkaure
D:5:      layout_layer_cave, mainiacjoe_overflow_paths,
          minmay_misc_feat_diagonals, uniq_sigmund
D:6:      layout_rooms, trog_antimagical, serial_corexii_hall,
          chequers_hall_statues_wall_a, corexii_hall_statues_i,
          corexii_hall_statues_x, corexii_hall_statues_deadend,
          biasface_ghost_orc_armoury, kennysheep_generic_room_2
D:7:      layout_cave_pods, minmay_temple_entry_butterflies

Skill      XL: |  1  2  3  4  5  6  7  8 |
---------------+-------------------------+-----
Unarmed Combat | 4 5 6 7 9 |  9.5
Throwing       | 1 2 3 4 |  4.8
Dodging        | 3 4 |  4.6
Fighting       | 3 4 |  4.6
Stealth        | |  1.0

Action                   |  1- 3 |  4- 6 |  7- 9 || total
-------------------------+-------+-------+-------++-------
Melee: Unarmed           |    67 |   160 |   254 ||   481
       Punch             |     1 |     3 |    13 ||    17
Throw: Large rock        |       |       |     3 ||     3
  Use: Scroll            |       |     3 |     7 ||    10
 Stab: Sleeping          |     1 |     2 |     2 ||     5
Armor: Robe              |    21 |    70 |    72 ||   163
Dodge: Dodged            |    43 |   105 |   127 ||   275

Table legend: (Time is in decaauts)
 A = Elapsed time spent in this place.
 B = Non-inter-level travel time spent in this place.
 C = Inter-level travel time spent in this place.
 D = Time resting spent in this place.
 E = Time spent auto-exploring this place.
 F = Levels seen in this place.
 G = Mean time per level.
                   A        B        C        D        E       F      G
               +--------+--------+--------+--------+--------+-----+--------+
         Total |   5815 |   5597 |    218 |    326 |   3885 |   8 |  726.9 |
       Dungeon |   5516 |   5298 |    218 |    303 |   3854 |   7 |  788.0 |
       Ossuary |    299 |    299 |      0 |     23 |     31 |   1 |  299.0 |
               +--------+--------+--------+--------+--------+-----+--------+

Top non-repeatable levels by time:
     D:3: 1093 daAuts
     D:5: 1066 daAuts
     D:4: 1053 daAuts
     D:6: 775 daAuts
     D:7: 701 daAuts
     D:1: 505 daAuts
     D:2: 319 daAuts
 Ossuary: 299 daAuts
